 Dungeon Crawl Stone Soup version 0.31-a0-198-g2ad674f65e (webtiles) character file.

Game seed: 12351556170396197818

183 qw the Skirmisher (level 5, 0/29 HPs)
             Began as a Deep Elf Hunter on June 25, 2023.
             Slain by an iguana (7 damage)
             ... on level 4 of the Dungeon.
             The game lasted 00:00:53 (2851 turns).

qw the Skirmisher (Deep Elf Hunter)                 Turns: 2851, Time: 00:00:53

Health: 0/29       AC:  6    Str: 10    XL:     5   Next: 35%
Magic:  0/7        EV: 11    Int: 14    God:
Gold:   126        SH:  0    Dex: 18    Spells: 4/4 levels left

rFire   . . .        Y - +1 shortbow
rCold   . . .        (shield currently unavailable)
rNeg    . . .        k - +0 ring mail
rPois   .            (no helmet)
rElec   .            (no cloak)
rCorr   .            (no gloves)
SInv    .            b - +0 pair of boots
Will    .....        c - amulet of guardian spirit
Stlth   +            (no ring)
HPRegen 0.24/turn    (no ring)
MPRegen 0.10/turn

%: guardian spirit
@: no status effects
A: no striking features
a: no special abilities


You were on level 4 of the Dungeon.
You visited 1 branch of the dungeon, and saw 4 of its levels.

You collected 126 gold pieces.


   Skills:
 - Level 1.5 Fighting
 + Level 8.9 Ranged Weapons
 - Level 2.4 Dodging
 - Level 1.2 Stealth


You had 4 spell levels left.
You didn't know any spells.
Your spell library was empty.

Inventory:

Hand Weapons
 Y - a +1 shortbow (weapon)
Armour
 b - a +0 pair of boots (worn)
 k - a +0 ring mail (worn)
Jewellery
 c - an amulet of guardian spirit (around neck)
 j - a ring of ice
 n - a ring of fire
Scrolls
 a - a scroll of identify
 m - a scroll of noise {unknown}
Potions
 d - a potion of haste
 e - a potion of mutation
 f - a potion of might
 g - a potion of enlightenment
 h - a potion of cancellation {unknown}
 i - a potion of attraction {unknown}
 l - a potion of berserk rage {unknown}

Dungeon Overview and Level Annotations

Branches:
Dungeon (4/15)
 Temple: D:4-7

Altars:
Vehumet

Shops:
D:2 [

Annotations:
D:2 1 runed translucent door, Crazy Yiuf


Message History

An iguana comes into view.
The iguana hisses angrily.
Enter note:
Enter note: You shoot an arrow.
The arrow barely misses the iguana.
You shoot an arrow. The arrow closely misses the iguana.
Enter note:
Enter note: You shoot an arrow.
The arrow barely misses the iguana.
You shoot an arrow. The arrow hits the iguana!
The iguana is heavily wounded.
The iguana barely misses you.
You shoot an arrow. The arrow barely misses the iguana.
The iguana bites you! The iguana bites you.
You shoot an arrow.
The arrow hits the iguana but does no damage.
The iguana is heavily wounded.
The iguana closely misses you.
You shoot an arrow. The arrow barely misses the iguana.
The iguana barely misses you.
You shoot an arrow. The arrow closely misses the iguana.
The iguana bites you but does no damage.
You shoot an arrow.
The arrow hits the iguana but does no damage.
The iguana is heavily wounded.
The iguana bites you.
You shoot an arrow.
The arrow hits the iguana but does no damage.
The iguana is heavily wounded.
The iguana bites you!
You shoot an arrow. The arrow hits the iguana.
The iguana is heavily wounded.
The iguana bites you!
You shoot an arrow.
The arrow hits the iguana but does no damage.
The iguana is heavily wounded.
The iguana barely misses you.
You shoot an arrow. The arrow closely misses the iguana.
The iguana bites you!
You die...

.. #.
###############
#.##...##......[.#
#.#.....#.######.#
........#.######.###
#.......#.##.......#
#.............##.#.#
.....####.##..##.#.#
#.%.## #.## .##@#.#
##.## #.# .#l#.# #.#
#.. ..#.# #.# ###
.$...# ##'## #.#####
#...## #. .....## #.
......# # .......#


You could see an iguana.

Vanquished Creatures
  A jelly (D:4)
  A hound (D:4)
  An iguana (D:4)
  Jessica (D:2)
  2 adders (D:2)
  2 dart slugs
  3 endoplasms (D:1)
  A goblin (D:1)
  4 hobgoblins
  5 kobolds
  2 quokkas
  10 ball pythons
  6 bats
  5 frilled lizards (D:1)
  9 rats
53 creatures vanquished.

Notes
Turn   | Place    | Note
-------+----------+-------------------------------------------
     0 | D:1      | qw the Deep Elf Hunter began the quest for the Orb.
     0 | D:1      | Reached XP level 1. HP: 12/12 MP: 3/3
     0 | D:1      | 0 ||| qw: Version: 0.3-a-22-g0ed2b0b
     0 | D:1      | 0 ||| qw: Game counter: 4901
     0 | D:1      | 0 ||| qw: Melee chars always use a shield: true
     0 | D:1      | 0 ||| qw: God list: Okawaru
     0 | D:1      | 0 ||| qw: Allow faded altars: false
     0 | D:1      | 0 ||| qw: Do Orc after clearing Dungeon:15 true
     0 | D:1      | 0 ||| qw: Do second Lair branch before Depths: true
     0 | D:1      | 0 ||| qw: Lair rune preference: random
     0 | D:1      | 0 ||| qw: Goals: Normal
     0 | D:1      | 0 ||| PLANNING D:1-11
   118 | D:1      | 118 ||| Stepping ~*~*~tactically~*~*~ (water).
   146 | D:1      | 146 ||| FLEEEEING.
   147 | D:1      | 147 ||| FLEEEEING.
   148 | D:1      | 148 ||| FLEEEEING.
   149 | D:1      | 149 ||| FLEEEEING.
   150 | D:1      | 150 ||| FLEEEEING.
   151 | D:1      | 151 ||| FLEEEEING.
   152 | D:1      | 152 ||| FLEEEEING.
   154 | D:1      | 154 ||| FLEEEEING.
   155 | D:1      | 155 ||| FLEEEEING.
   156 | D:1      | 156 ||| FLEEEEING.
   157 | D:1      | 157 ||| FLEEEEING.
   158 | D:1      | 158 ||| FLEEEEING.
   227 | D:1      | Reached skill level 6 in Ranged Weapons
   227 | D:1      | Reached XP level 2. HP: 16/16 MP: 4/4
   565 | D:1      | Reached XP level 3. HP: 20/20 MP: 5/5
   614 | D:1      | You fall into a shaft and drop 1 floor!
   630 | D:2      | 630 ||| READING scroll labelled HIAMONWELO.
   631 | D:2      | 631 ||| READING scroll labelled VOFOEZOANT.
   632 | D:2      | 632 ||| READING scroll labelled XOGRUCZ BACE.
   633 | D:2      | 633 ||| DRINKING 2 fuming clear potions.
   641 | D:2      | 641 ||| DROPPING scroll of butterflies.
   642 | D:2      | 642 ||| DROPPING potion of ambrosia.
  1089 | D:2      | Reached skill level 7 in Ranged Weapons
  1209 | D:2      | Found a runed translucent door.
  1210 | D:2      | Noticed Crazy Yiuf
  1380 | D:2      | Found Jygi Pou's Antique Armour Emporium.
  1403 | D:2      | 1403 ||| SHOPLISTING glowing leather armour (160 gold, have
                  | 72).
  1403 | D:2      | 1403 ||| SHOPLISTING helmet (144 gold, have 72).
  1546 | D:2      | Noticed Jessica
  1549 | D:2      | Killed Jessica
  1550 | D:2      | Reached XP level 4. HP: 25/25 MP: 6/6
  1941 | D:2      | 1941 ||| UPGRADING to +0 pair of boots.
  1946 | D:2      | 1946 ||| UPGRADING to +0 ring mail.
  1956 | D:2      | 1956 ||| DROPPING +0 leather armour.
  1957 | D:2      | 1957 ||| READING scroll labelled LOQUSI EKIOCACW.
  1958 | D:2      | 1958 ||| READING scroll labelled BOETEO BAWOWK.
  1959 | D:2      | 1959 ||| READING 3 scrolls of identify.
  1959 | D:2      | 1959 ||| IDENTIFYING fuming amethyst potion
  1960 | D:2      | 1960 ||| READING 2 scrolls of identify.
  1960 | D:2      | 1960 ||| IDENTIFYING pink potion
  2175 | D:3      | Found a radiant altar of Vehumet.
  2571 | D:3      | 2571 ||| UPGRADING to amulet of guardian spirit.
  2576 | D:3      | 2576 ||| READING scroll labelled LOCLIA CEZYKH.
  2580 | D:3      | 2580 ||| READING scroll labelled SATE JOSSUSCH.
  2581 | D:3      | 2581 ||| READING 3 scrolls of identify.
  2581 | D:3      | 2581 ||| IDENTIFYING grey potion
  2582 | D:3      | 2582 ||| READING 2 scrolls of identify.
  2582 | D:3      | 2582 ||| IDENTIFYING amethyst potion
  2693 | D:4      | Reached skill level 8 in Ranged Weapons
  2712 | D:4      | HP: 6/25 [iguana (7)]
  2714 | D:4      | Reached XP level 5. HP: 8/29 MP: 1/7
  2849 | D:4      | HP: 7/29 [iguana (6)]
  2851 | D:4      | Slain by an iguana

Levels and vault maps discovered:
D:1:      lightli_arrival_boilingwater, layout_loops_corners,
          minmay_misc_feat_secret_circle
D:2:      layout_basic, serial_shops, nicolae_shop_overgrown_old_shop,
          minivault_26, serial_park_tiny_2, corexii_hall_statues_l,
          uniq_jessica, uniq_crazy_yiuf_cottage
D:3:      layout_loops_ring, mainiacjoe_overflow_tiny_flanked
D:4:      kennysheep_the_goblin_king, layout_loops_corners, solitary_fountain,
          serial_bayou_pond_e

Skill      XL: |  1  2  3  4 |
---------------+-------------+-----
Ranged Weapons | 6 7 8 |  8.9
Fighting       | |  1.5
Dodging        | |  2.4
Stealth        | |  1.2

Action                     |  1- 3 |  4- 6 || total
---------------------------+-------+-------++-------
   Fire: Shortbow          |   100 |    49 ||   149
    Use: Scroll            |     3 |     8 ||    11
         Potion            |     1 |       ||     1
 Armour: Leather armour    |     4 |       ||     4
         Ring mail         |       |     3 ||     3
  Dodge: Dodged            |    11 |     7 ||    18

Table legend:
 A = Non-vault XP
 B = Vault XP
 C = Vault XP percentage of total XP
 D = Non-vault monster count
 E = Vault monster count
 F = Vault count percentage of total count
                 A         B        C        D         E       F
            +---------+---------+-------+---------+---------+-------
      Total |     225 |      37 |  14.1 |      52 |       1 |   1.9
            +---------+---------+-------+---------+---------+-------
        D:1 |      46 |       0 |   0.0 |      29 |       0 |   0.0
        D:2 |      46 |      37 |  44.6 |      14 |       1 |   6.7
        D:3 |       9 |       0 |   0.0 |       5 |       0 |   0.0
        D:4 |     124 |       0 |   0.0 |       4 |       0 |   0.0
            +---------+---------+-------+---------+---------+-------
